 Dungeon Crawl Stone Soup version 0.30-a0-40-gc6d0f036a7 (webtiles) character file.

Game seed: 5787853939377018907

69 ytrimaz the Insei (level 4, -4/42 HPs)
             Began as an Octopode Transmuter on Aug 29, 2022.
             Slain by an orc
             ... wielding a +0 flail
              (5 damage)
             ... on level 3 of the Dungeon.
             The game lasted 00:03:32 (2749 turns).

ytrimaz the Insei (Octopode Transmuter)             Turns: 2749, Time: 00:03:33

Health: -4/42      AC: 22    Str:  9    XL:     4   Next: 20%
Magic:  5/7        EV:  2    Int: 17    God:
Gold:   81         SH:  0    Dex: 12    Spells: 1/7 levels left

rFire   . . .      SeeInvis .      - Unarmed
rCold   . . .      Faith    .    (no shield)
rNeg    . . .      Spirit   .    (helmet currently unavailable)
rPois   +          Reflect  .    (no amulet)
rElec   .          Harm     .    i - ring of wizardry
rCorr   .          Rampage  .    (no ring)
Will    .....      NoTele   +    (no ring)
Stlth   +.........               (no ring)
HPRegen 0.14/turn                (no ring)
MPRegen 0.10/turn                (no ring)
                                 (no ring)
                                 (no ring)

@: tree-form
A: stationary, stasis, torment immunity, boosted hp, almost no armour,
(amphibious), 8 rings, (camouflage 1), (gelatinous body 1), (nimble swimmer 1),
(tentacles)
a: no special abilities


You were on level 3 of the Dungeon.
You were a tree.
You visited 1 branch of the dungeon, and saw 3 of its levels.

You collected 81 gold pieces.

Inventory:

Jewellery
 i - a ring of wizardry (left branch)
Scrolls
 c - a scroll of teleportation
 g - a scroll of acquirement
Potions
 b - 3 potions of curing
 d - 2 potions of mutation {unknown}
 e - a potion of attraction {unknown}
 f - a potion of might {unknown}
 h - a potion of flight {unknown}
 j - a potion of magic {unknown}
 k - a potion of heal wounds {unknown}
 l - a potion of invisibility {unknown}


   Skills:
 - Level 1.0 Fighting
 - Level 2.0 Dodging
 - Level 4.1 Unarmed Combat
 + Level 2.2 Spellcasting
 + Level 2.3 Transmutations
 * Level 1.9 Poison Magic


You had one spell level left.
You knew the following spells:

 Your Spells              Type           Power      Damage    Failure   Level
a - Beastly Appendage     Tmut           18%        N/A       2%          1
b - Wereblood             Tmut           9%         N/A       4%          2
c - Spider Form           Tmut/Pois      9%         N/A       10%         3

Your spell library contained the following spells:

 Spells                   Type           Power      Damage    Failure   Level
 Shock                    Conj/Air       4%         1d3       8%          1
 Swiftness                Air            1%         N/A       22%         3
 Ice Form                 Ice/Tmut       5%         N/A       41%         4
 Airstrike                Air            0%         2d(1-17)  56%         4


Dungeon Overview and Level Annotations

Branches:
Dungeon (3/15)

Altars:
Yredelemnul

Annotations:
D:2 1 runed translucent door, Crazy Yiuf


Innate Abilities, Weirdness & Mutations

You are a tree.
Your roots penetrate the ground, keeping you stationary.
You cannot be teleported.
You are immune to unholy pain and torment.
Your maximum health is greatly increased.
You cannot wear most types of armour.
((You are amphibious.))
You can wear up to eight rings at the same time.
((Your skin changes colour to match your surroundings (Stealth+).))
((Your rubbery body absorbs attacks. (AC +1, EV +1)))
((You are camouflaged when in or above water. (Stealth+)))
((You have tentacles for arms and can constrict up to eight enemies at once.))


Message History

You barely miss the orc.
The orc is heavily wounded.
The orc barely misses you.
You hit the orc but do no damage.
The orc is poisoned.
The orc is heavily wounded.
The orc hits you but does no damage.
You hit the orc.
You kill the orc!
The orc priest looks braver for a moment.
Your transformation has ended.
The orc hits you with a +0 flail.
Things that are here:
a +0 dagger; a +0 leather armour; an orc corpse You closely miss the orc priest.
You grab the orc priest. You squeeze the orc priest.
The orc priest is moderately wounded.
You constrict the orc priest. The orc priest hits you with a +0 club.
The orc closely misses you.
Really quaff the potion of lignification? [Y]es or [N]o only, please.
Really quaff the potion of lignification? [Y]es or [N]o only, please.
Really quaff the potion of lignification?
You turn into a tree.
Your roots penetrate the ground.
You lose your grip on the orc priest.
The orc priest hits you but does no damage.
The orc hits you with a +0 flail!
* * * LOW HITPOINT WARNING * * *
Unknown command.
You barely miss the orc priest.
The orc priest is moderately wounded.
The orc priest calls down the wrath of Beogh upon you.
Beogh smites you!
* * * LOW HITPOINT WARNING * * *
The orc hits you but does no damage.
You hit the orc priest.
The orc priest is almost dead.
The orc priest hits you but does no damage.
The orc hits you with a +0 flail.
You die...

##.##.....##...
#...#..#..#.#.. .
#####.#.#...#...#.# ..
....##.##..#....# .#
#.........#....#.#
#.##.#...#.....#.#
##.#.....|..o...##.
##<..)....♣o......
######...............
............#......##.
##.#####.####.....#.#
#.# #....#.#.# #.#
#....##.#. #.#
...(#.##.. ..# #..#.#.
.. .##


You could see an orc priest and an orc.

Vanquished Creatures
  2 adders
  A worm (D:3)
  5 orcs (D:3)
  2 giant cockroaches (D:2)
  4 goblins
  4 hobgoblins
  4 kobolds
  3 quokkas
  5 ball pythons
  3 bats (D:1)
  4 frilled lizards
  3 rats
40 creatures vanquished.

Notes
Turn   | Place    | Note
-------+----------+-------------------------------------------
     0 | D:1      | ytrimaz the Octopode Transmuter began the quest for the
                  | Orb.
     0 | D:1      | Reached XP level 1. HP: 13/13 MP: 3/3
     2 | D:1      | Noticed a troll
     2 | D:1      | Noticed a spriggan
     4 | D:1      | Noticed a tengu
     4 | D:1      | Noticed a formicid
     6 | D:1      | Noticed an ogre
     6 | D:1      | Noticed a merfolk
     8 | D:1      | Noticed a meteoran
     8 | D:1      | Noticed an elf
    10 | D:1      | Noticed a palentonga
    10 | D:1      | Noticed a gargoyle
    12 | D:1      | Noticed a felid
    14 | D:1      | Noticed a vampire
    14 | D:1      | Noticed a naga
    16 | D:1      | Noticed an octopode
    16 | D:1      | Noticed a minotaur
    18 | D:1      | Noticed a draconian
    20 | D:1      | Noticed a vine stalker
    20 | D:1      | Noticed a ghoul
    22 | D:1      | Noticed a human
    22 | D:1      | Noticed a demigod
    24 | D:1      | Noticed a demonspawn
    24 | D:1      | Noticed a demonspawn
    26 | D:1      | Noticed a vampire
   414 | D:1      | Reached XP level 2. HP: 14/18 MP: 3/5
  1290 | D:1      | Found a faded altar of an unknown god.
  1383 | D:2      | Reached skill level 4 in Unarmed Combat
  1437 | D:2      | Reached XP level 3. HP: 13/21 MP: 4/6
  1440 | D:2      | Learned a level 2 spell: Wereblood
  1444 | D:2      | Learned a level 3 spell: Spider Form
  2202 | D:2      | Reached skill level 1 in Poison Magic
  2277 | D:2      | Found a basalt altar of Yredelemnul.
  2352 | D:2      | Identified a scroll of acquirement
  2610 | D:2      | Identified the +7 hammer "Ybupsul" {flame, rF- rC++}
  2616 | D:2      | Found a runed translucent door.
  2617 | D:2      | Noticed Crazy Yiuf
  2706 | D:3      | Reached XP level 4. HP: 20/28 MP: 4/7
  2748 | D:3      | HP: 1/42 [orc priest/divine providence (10)]
  2749 | D:3      | Slain by an orc

Illustrated notes

Levels and vault maps discovered:
D:1:      kb_arrival_jail, layout_basic, ebering_ecumenical_altar_petrified,
          hangedman_decor_clover_reticule
D:2:      layout_basic, basic_altar, skrybe_limestone_x, uniq_crazy_yiuf_cottage
D:3:      layout_loops_ring, chequers_temple_overflow_statue_of_worship,
          amcnicky_mini_pool_small, minmay_misc_feat_secret_circle, uniq_ijyb

Skill      XL: |  1  2  3 |
---------------+----------+-----
Unarmed Combat | 4 |  4.1
Poison Magic   | 1 |  1.9
Fighting       | |  1.0
Dodging        | |  2.0
Spellcasting   | |  2.2
Transmutations | |  2.3

Action                   |  1- 3 |  4- 6 || total
-------------------------+-------+-------++-------
Melee: Unarmed           |    67 |    17 ||    84
       Tentacles         |    12 |     4 ||    16
       Constrict         |    15 |     3 ||    18
       Kick              |    10 |       ||    10
 Cast: Beastly Appendage |    24 |       ||    24
       Spider Form       |     1 |     1 ||     2
  Use: Scroll            |     5 |       ||     5
       Potion            |       |     1 ||     1
 Stab: Sleeping          |     4 |       ||     4
Armor: Skin              |     1 |     4 ||     5
Dodge: Dodged            |    42 |    10 ||    52

Table legend: (Time is in decaauts)
 A = Elapsed time spent in this place.
 B = Non-inter-level travel time spent in this place.
 C = Inter-level travel time spent in this place.
 D = Time resting spent in this place.
 E = Time spent auto-exploring this place.
 F = Levels seen in this place.
 G = Mean time per level.
                   A        B        C        D        E       F      G
               +--------+--------+--------+--------+--------+-----+--------+
         Total |   2741 |   2695 |     46 |      0 |   2343 |   3 |  913.7 |
       Dungeon |   2741 |   2695 |     46 |      0 |   2343 |   3 |  913.7 |
               +--------+--------+--------+--------+--------+-----+--------+

Top non-repeatable levels by time:
     D:1: 1373 daAuts
     D:2: 1303 daAuts
     D:3: 65 daAuts
